 Dungeon Crawl Stone Soup version 0.31-a0-187-gba352fbbf7 (webtiles) character file.

Game seed: 12457934170365197666

31 qw the Shooter (level 3, 0/20 HPs)
             Began as a Deep Elf Hunter on June 22, 2023.
             Slain by Terence
             ... wielding a +0 flail
              (10 damage)
             ... on level 2 of the Dungeon.
             The game lasted 00:00:23 (974 turns).

qw the Shooter (Deep Elf Hunter)                     Turns: 974, Time: 00:00:23

Health: 0/20       AC:  6    Str: 10    XL:     3   Next: 7%
Magic:  5/5        EV: 11    Int: 13    God:
Gold:   82         SH:  0    Dex: 18    Spells: 2/2 levels left

rFire   + . .        Y - +0 shortbow
rCold   . . .        (shield currently unavailable)
rNeg    . . .        d - +1 ring mail {rPois}
rPois   +            (no helmet)
rElec   .            (no cloak)
rCorr   .            (no gloves)
SInv    .            (no boots)
Will    .....        (no amulet)
Stlth   +            i - ring of protection from fire
HPRegen 0.23/turn    (no ring)
MPRegen 0.09/turn

%: no passive effects
@: no status effects
A: no striking features
a: no special abilities


You were on level 2 of the Dungeon.
You visited 1 branch of the dungeon, and saw 2 of its levels.

You collected 82 gold pieces.


   Skills:
 - Level 1.5 Fighting
 + Level 6.7 Ranged Weapons
 - Level 2.4 Dodging
 - Level 1.2 Stealth


You had 2 spell levels left.
You didn't know any spells.
Your spell library was empty.

Inventory:

Hand Weapons
 Y - a +0 shortbow (weapon)
Armour
 d - a +1 ring mail of poison resistance (worn)
Jewellery
 i - a ring of protection from fire (left hand)
Scrolls
 b - a scroll of teleportation
 c - a scroll of identify {unknown}
Potions
 a - a potion of resistance
 g - a potion of brilliance {unknown}
 k - a potion of heal wounds {unknown}

Dungeon Overview and Level Annotations

Branches:
Dungeon (2/15)

Altars:

Shops:
D:2 ?

Annotations:
D:2 Terence


Message History

Terence is nearby!
You shoot an arrow.
The arrow hits Terence but does no damage.
Terence is moderately wounded.
Terence drinks a potion.
Terence suddenly seems more resistant.
You shoot an arrow. The arrow barely misses Terence.
You shoot an arrow. The arrow hits Terence.
Terence is moderately wounded.
You shoot an arrow. The arrow hits Terence.
Terence is moderately wounded.
You shoot an arrow. The arrow closely misses Terence.
Terence says, "You're history."
You shoot an arrow. The arrow hits Terence.
Terence is heavily wounded.
Terence barely misses you.
You shoot an arrow. The arrow completely misses Terence.
Terence hits you with a +0 flail.
You shoot an arrow. The arrow completely misses Terence.
Terence hits you with a +0 flail.
You shoot an arrow.
The arrow hits Terence but does no damage.
Terence is heavily wounded.
Terence barely misses you. Terence misses you.
You shoot an arrow.
The arrow hits Terence but does no damage.
Terence is heavily wounded.
Terence misses you.
You shoot an arrow. The arrow closely misses Terence.
Terence closely misses you.
You shoot an arrow. The arrow barely misses Terence.
Terence hits you with a +0 flail.
You shoot an arrow.
The arrow hits Terence but does no damage.
Terence is heavily wounded.
Terence barely misses you. Terence closely misses you.
You shoot an arrow. The arrow hits Terence!
Terence is almost dead.
Terence hits you with a +0 flail!
Ouch! That really hurt!
You die...

..... !..... .....[ >.....
##...... .. . .......... ....
....#########........ ....
........@@....# ..# ..###
....########..####..# ....# .
##....#..# ....#. ...
#.......#### ........(..######
##.........#
................#####.....<...#
...........................<..#
....#.#.........########...####
###.#...........# ##....#


You could see Terence (resistant).

Vanquished Creatures
  2 ball pythons (D:1)
  7 bats
  3 endoplasms (D:1)
  2 giant cockroaches
  4 goblins (D:1)
  3 kobolds (D:1)
  3 frilled lizards (D:1)
  4 rats (D:1)
28 creatures vanquished.

Notes
Turn   | Place    | Note
-------+----------+-------------------------------------------
     0 | D:1      | qw the Deep Elf Hunter began the quest for the Orb.
     0 | D:1      | Reached XP level 1. HP: 12/12 MP: 3/3
     0 | D:1      | 0 ||| qw: Version: 0.3-a-9-g12657ce
     0 | D:1      | 0 ||| qw: Game counter: 2145
     0 | D:1      | 0 ||| qw: Always use a shield: true
     0 | D:1      | 0 ||| qw: God list: Okawaru
     0 | D:1      | 0 ||| qw: Allow faded altars: false
     0 | D:1      | 0 ||| qw: Do Orc after D:15 true
     0 | D:1      | 0 ||| qw: Do second Lair branch before Depths: true
     0 | D:1      | 0 ||| qw: Lair rune preference: random
     0 | D:1      | 0 ||| qw: Plans: Normal
     0 | D:1      | 0 ||| PLANNING D:1-11
   171 | D:1      | Reached XP level 2. HP: 16/16 MP: 4/4
   177 | D:1      | Reached skill level 6 in Ranged Weapons
   349 | D:1      | 349 ||| Stepping ~*~*~tactically~*~*~ (outnumbered).
   351 | D:1      | 351 ||| Stepping ~*~*~tactically~*~*~ (outnumbered).
   353 | D:1      | 353 ||| Stepping ~*~*~tactically~*~*~ (outnumbered).
   617 | D:1      | Reached XP level 3. HP: 20/20 MP: 5/5
   738 | D:1      | 738 ||| UPGRADING to +1 ring mail of poison resistance.
   748 | D:1      | 748 ||| DROPPING +0 leather armour.
   749 | D:1      | 749 ||| UPGRADING to ring of protection from fire.
   750 | D:1      | 750 ||| READING scroll labelled AJIQIM BIR TUW.
   751 | D:1      | 751 ||| READING scroll labelled QOMPIB ZIRHI.
   752 | D:1      | 752 ||| READING scroll labelled NURPHU WUEQU.
   757 | D:1      | 757 ||| READING scroll labelled CIDGHU HO IQET.
   758 | D:1      | 758 ||| READING scroll labelled WUYNO GIXKEAC.
   859 | D:1      | 859 ||| DROPPING scroll of butterflies.
   888 | D:2      | Found Otoafaup's Magic Scroll Shop.
   956 | D:2      | Noticed Terence
   974 | D:2      | Slain by Terence

Levels and vault maps discovered:
D:1:      eino_arrival_cavern_e, layout_loops_ring
D:2:      layout_rooms, serial_shops, nicolae_shop_tiny_glass,
          guppyfry_early_orc_mine, uniq_terence

Skill      XL: |  1  2 |
---------------+-------+-----
Ranged Weapons | 6 |  6.7
Fighting       | |  1.5
Dodging        | |  2.4
Stealth        | |  1.2

Action                     || total
---------------------------++-------
   Fire: Shortbow          ||    79
    Use: Scroll            ||     5
 Armour: Leather armour    ||     8
         Ring mail         ||     6
  Dodge: Dodged            ||    26

Table legend:
 A = Non-vault XP
 B = Vault XP
 C = Vault XP percentage of total XP
 D = Non-vault monster count
 E = Vault monster count
 F = Vault count percentage of total count
                 A         B        C        D         E       F
            +---------+---------+-------+---------+---------+-------
      Total |      45 |       0 |   0.0 |      28 |       0 |   0.0
            +---------+---------+-------+---------+---------+-------
        D:1 |      42 |       0 |   0.0 |      26 |       0 |   0.0
        D:2 |       3 |       0 |   0.0 |       2 |       0 |   0.0
            +---------+---------+-------+---------+---------+-------
